 Dungeon Crawl Stone Soup version 0.29-a0-824-gd827844252 (webtiles) character file.

Game seed: 9212141448628519487

151 jimonade the Magician (level 5, -10/38 HPs)
             Began as a Djinni Fire Elementalist on July 9, 2022.
             Killed by nerve-wracking pain
             ... invoked by Grinder
              (11 damage)
             ... on level 3 of the Dungeon.
             The game lasted 00:08:45 (3307 turns).

jimonade the Magician (Djinni Fire Elementalist)    Turns: 3307, Time: 00:08:46

Health: -10/38     AC:  2    Str:  9    XL:     5   Next: 60%
Gold:   113        EV: 12    Int: 16    God:
                   SH:  0    Dex: 14

rFire   + + .      SeeInvis .   a - +0 short sword
rCold   x . .      Faith    .   (no shield)
rNeg    . . .      Spirit   .   c - +0 robe
rPois   ∞          Reflect  .   (no helmet)
rElec   .          Harm     .   (no cloak)
rCorr   .          Rampage  .   (no gloves)
Will    .....                   (boots unavailable)
Stlth   ++........              (no amulet)
HPRegen 0.12/turn               (no ring)
MPRegen 0.00/turn               (no ring)

@: flying
A: sickness immunity, fire resistance 2, cold vulnerability 1, float, innate
caster, HP casting, extra vitality 1
a: no special abilities


You were on level 3 of the Dungeon.
You visited 1 branch of the dungeon, and saw 3 of its levels.

You collected 113 gold pieces.

Inventory:

Hand Weapons
 a - a +0 short sword (weapon)
 b - a +0 sling
 j - a +0 hand axe
 x - a +0 rapier
 y - a +0 glaive
Missiles
 f - 2 poisoned darts
 k - 9 stones
Armour
 c - a +0 robe (worn)
 h - a +0 leather armour
 n - an orb of wrath
 w - a +0 scale mail
 z - a +0 plate armour
Scrolls
 d - 2 scrolls of identify {unknown}
 e - 2 scrolls of vulnerability {unknown}
 i - a scroll of fear {unknown}
 p - a scroll of fog {unknown}
 r - a scroll of teleportation {unknown}
 s - a scroll of poison {unknown}
 u - 2 scrolls of immolation {unknown}
Potions
 g - 3 potions of curing {unknown}
 l - a potion of cancellation {unknown}
 m - 2 potions of berserk rage {unknown}
 o - 4 potions of might {unknown}
 q - a potion of lignification {unknown}
 t - a potion of mutation {unknown}
 v - a potion of ambrosia {unknown}


   Skills:
 * Level 2.1 Fighting
 + Level 2.7 Dodging
 - Level 1.5 Stealth
 + Level 3.9 Spellcasting


You couldn't memorise any spells.
You knew the following spells:

 Your Spells              Type           Power      Damage    Failure   Level
a - Foxfire               Conj/Fire      60%        2x1d7     3%          1
b - Scorch                Fire           30%        2d7       4%          2
c - Conjure Flame         Conj/Fire      15%        6-21      10%         3
d - Inner Flame           Hex/Fire       15%        N/A       10%         3
e - Flame Wave            Conj/Fire      15%        2d6       32%         4
f - Sandblast             Erth           30%        2d9       3%          1
g - Wereblood             Tmut           15%        N/A       4%          2
Your spell library was empty.

Dungeon Overview and Level Annotations

Branches:
Dungeon (3/15)

Altars:
Wu Jian

Shops:
D:3 (

Annotations:
D:3 Grinder


Innate Abilities, Weirdness & Mutations

You are immune to sickness and miasma.
You are immune to poison.
Your flesh is very heat resistant. (rF++)
You are vulnerable to cold. (rC-)
You float through the air rather than walking.
You learn spells naturally, not from books.
Your magical power is your life essence.
You have superior vitality. (+4 MHP)


Message History

You enter a teleport trap!
The teleport trap disappears.
Your surroundings suddenly seem different.
e - 2 scrolls labelled FEXZENW KIRPHYSK (gained 1) Grinder comes into view.
Grinder shouts!
Sorry, you're not good enough to have a special ability.
Unknown command.
Unknown command.
Casting: Foxfire (safe; 3% risk of failure)
Confirm with . or Enter, or press ? or * to list all spells.
Flames lash Grinder.
Grinder is moderately wounded.
Grinder's fire resistance burns away.
Casting: Scorch (safe; 4% risk of failure)
Confirm with . or Enter, or press ? or * to list all spells.
Flames lash Grinder.
Grinder is burned terribly!
Grinder is heavily wounded.
Casting: Scorch (safe; 4% risk of failure)
Confirm with . or Enter, or press ? or * to list all spells.
Flames lash Grinder.
Grinder is burned terribly!
Grinder is severely wounded.
Grinder hits you!
You writhe in agony.
Casting: Scorch (safe; 4% risk of failure)
Confirm with . or Enter, or press ? or * to list all spells.
Flames lash Grinder.
Grinder is burned terribly!
Grinder is severely wounded.
Grinder hits you!
* * * LOW HITPOINT WARNING * * *
You writhe in agony.
* * * LOW HITPOINT WARNING * * *
Casting: Scorch (safe; 4% risk of failure)
Confirm with . or Enter, or press ? or * to list all spells.
You don't have enough health to cast this spell.
Casting: Foxfire (safe; 3% risk of failure)
Press: ? - help, Q - select action, (/) - cycle Dir - look around, f - activate You conjure some foxfire!
* * * LOW HITPOINT WARNING * * *
Grinder gestures at you. Pain shoots through your body!
You die...

#..# #..# #5.# ...#
#..# .....># #..#
.#..#.# #..# .#..#.#
##########..# .#..#.#
.......v@5..# .#..#.#
.......v....#
.#..#.#...........###
....#.#...........#
..................#
^####.###########.#
....#.............#
....#.##########..#
....#.# #..#


You could see Grinder (combustible, ally target).

Vanquished Creatures
  An orc priest (D:3)
  An orc wizard (D:3)
  An adder (D:2)
  3 gnolls (D:3)
  A worm (D:2)
  5 dart slugs
  2 orcs (D:3)
  4 endoplasms
  4 giant cockroaches
  4 hobgoblins
  2 quokkas (D:2)
  2 ball pythons (D:1)
  3 bats
  A frilled lizard (D:1)
  3 goblins (D:1)
  6 kobolds
  5 rats
48 creatures vanquished.

Vanquished Creatures (others)
  85 foxfires
  4 plants (D:2)
89 creatures vanquished.

Grand Total: 137 creatures vanquished

Notes
Turn   | Place    | Note
-------+----------+-------------------------------------------
     0 | D:1      | jimonade the Djinni Fire Elementalist began the quest for
                  | the Orb.
     0 | D:1      | jimonade set off with the following spells memorised:
                  | Foxfire, Scorch, Conjure Flame, Inner Flame, Flame Wave.
     0 | D:1      | Reached XP level 1. HP: 15/15 MP: 0/0
   193 | D:1      | Reached XP level 2. HP: 20/22 MP: 0/0
   605 | D:1      | Reached skill level 1 in Fighting
   682 | D:1      | Reached XP level 3. HP: 22/27 MP: 0/0
   682 | D:1      | Learned a level 1 spell: Sandblast
   755 | D:1      | Reached skill level 3 in Spellcasting
  2103 | D:2      | Reached XP level 4. HP: 27/32 MP: 0/0
  2506 | D:2      | Found a faded altar of an unknown god.
  3030 | D:3      | Reached XP level 5. HP: 25/38 MP: 0/0
  3030 | D:3      | Learned a level 2 spell: Wereblood
  3206 | D:3      | Found Vuqir's Weapon Emporium.
  3237 | D:3      | Found an ornate altar of the Wu Jian Council.
  3297 | D:3      | Noticed Grinder
  3307 | D:3      | Killed from afar by Grinder

Illustrated notes

Levels and vault maps discovered:
D:1:      dpeg_arrival_radiant, layout_basic
D:2:      cheibrodos_old_hovel, layout_basic,
          shapermc_ecumenical_altar_mp_vishouse, roderic_serpentine_path
D:3:      layout_basic, lemuel_tele_altar, serial_shops,
          nicolae_shop_bloodbath_and_beyond, uniq_terence, uniq_ijyb,
          uniq_grinder

Skill      XL: |  1  2  3  4 |
---------------+-------------+-----
Fighting       | 1 2 |  2.1
Spellcasting   | 3 |  3.9
Dodging        | |  2.7
Stealth        | |  1.5

Action                   |  1- 3 |  4- 6 || total
-------------------------+-------+-------++-------
Melee: Short sword       |    33 |     7 ||    40
       Punch             |     1 |       ||     1
 Fire: Sling             |     2 |       ||     2
 Cast: Foxfire           |    43 |    10 ||    53
       Scorch            |     6 |    18 ||    24
 Stab: Sleeping          |       |     1 ||     1
Armor: Robe              |     7 |       ||     7
Dodge: Dodged            |    27 |     7 ||    34

Table legend: (Time is in decaauts)
 A = Elapsed time spent in this place.
 B = Non-inter-level travel time spent in this place.
 C = Inter-level travel time spent in this place.
 D = Time resting spent in this place.
 E = Time spent auto-exploring this place.
 F = Levels seen in this place.
 G = Mean time per level.
                   A        B        C        D        E       F      G
               +--------+--------+--------+--------+--------+-----+--------+
         Total |   3308 |   3206 |    102 |    300 |   2305 |   3 | 1102.7 |
       Dungeon |   3308 |   3206 |    102 |    300 |   2305 |   3 | 1102.7 |
               +--------+--------+--------+--------+--------+-----+--------+

Top non-repeatable levels by time:
     D:2: 1570 daAuts
     D:1: 1141 daAuts
     D:3: 596 daAuts
